 Dungeon Crawl Stone Soup version 0.21.1-1-g345015f (webtiles) character file.

56 equizz the Charmwright (level 3, -3/28 HPs)
             Began as a Merfolk Skald on May 2, 2018.
             Killed from afar by Sigmund (6 damage)
             ... with a magic dart
             ... on level 2 of the Dungeon.
             The game lasted 00:14:47 (1368 turns).

equizz the Charmwright (Merfolk Skald)              Turns: 1368, Time: 00:14:49

Health: -3/28      AC:  4    Str: 11    XL:     3   Next: 95%
Magic:  1/6        EV: 12    Int: 12    God:
Gold:   37         SH:  0    Dex: 14    Spells: 1/6 levels left

rFire    + . .     SeeInvis .   a - +0 spear
rCold    . . .     Gourm    .   (no shield)
rNeg     . . .     Faith    .   b - +0 leather armour
rPois    .         Spirit   .   m - +0 helmet
rElec    .         Reflect  .   (no cloak)
rCorr    .         Harm     .   (no gloves)
MR       +....                  (no boots)
Stlth    +.........             (no amulet)
HPRegen  0.09/turn              f - ring of protection from fire
MPRegen  0.10/turn              n - ring of protection from magic

@: lethally poisoned (-3 -> -20), about to teleport
A: change form in water, swift swim, stealthy swim
a: no special abilities


You were on level 2 of the Dungeon.
You were not hungry.

You visited 1 branch of the dungeon, and saw 2 of its levels.

You collected 37 gold pieces.

Inventory:

Hand Weapons
 a - a +0 spear (weapon)
Missiles
 o - 2 tomahawks of returning (quivered)
Armour
 b - a +0 leather armour (worn)
 k - a cursed +0 ring mail
 m - a +0 helmet (worn)
Jewellery
 f - a ring of protection from fire (left hand)
 n - a ring of protection from magic (right hand)
 p - an uncursed ring of protection from fire
Scrolls
 g - 2 scrolls of remove curse
 i - 2 scrolls of blinking {unknown}
 j - 2 scrolls of immolation {unknown}
 l - a scroll of magic mapping {unknown}
Potions
 h - a potion of might {unknown}
Books
 c - a book of Battle

   Spells                             Type                      Level
   a - Infusion                       Charms                       1
   b - Shroud of Golubria             Charms/Translocation         2
   c - Song of Slaying                Charms                       2
   d - Spectral Weapon                Hexes/Charms                 3
   e - Regeneration                   Charms/Necromancy            3
Comestibles
 d - a ration


   Skills:
 + Level 2.7 Fighting
 + Level 3.5 Polearms
 + Level 1.0 Armour
 + Level 2.8 Dodging
 + Level 2.3 Spellcasting
 + Level 4.2 Charms


You had one spell level left.
You knew the following spells:

 Your Spells              Type           Power        Failure   Level  Hunger
a - Infusion              Chrm           ##..         6%          1    ##.....
b - Song of Slaying       Chrm           ##......     10%         2    ###....
c - Shroud of Golubria    Chrm/Tloc      #.........   22%         2    ###....


Dungeon Overview and Level Annotations

Branches:
Dungeon (2/15)

Altars:

Annotations:
D:2 Sigmund


Message History

Aim: Sigmund, wielding a scythe of venom and wearing a robe (lightly wounded)
You reach to attack!
You hit Sigmund.
Sigmund is moderately wounded.
You feel sick.
Sigmund hits you from afar with a scythe of venom!
* * * LOW HITPOINT WARNING * * *
You are more poisoned.
As you read the scroll labeled SOATYICENI, it crumbles to dust.
You feel strangely unstable.
It was a scroll of teleportation.
* * * LOW HITPOINT WARNING * * *
You feel sick. Sigmund gestures at you while chanting.
The puff of flame misses you.
Okay, then.
Your song has ended.
* * * LOW HITPOINT WARNING * * *
You feel sick. Sigmund casts a spell at you. The magic dart hits you!
You die...

......
###.#........#..
......####.##########
#.....##........
#.....)...#######
##....##........#
#....#.........#
#....#.......".#
#....#.......†.#
#....#......@†.###
#....#.............!.
#......########@.>.!.
#......# .....!
#...<..# .....
#........ .....
#......### ....
#......# ....
#......#


You could see Sigmund.

Vanquished Creatures
  3 adders (D:2)
  A worm (D:2)
  A leopard gecko (D:2)
  6 goblins
  2 hobgoblins
  4 jackals (D:2)
  2 quokkas (D:2)
  A ball python (D:2)
  A frilled lizard (D:2)
  2 kobolds
  A rat (D:2)
24 creatures vanquished.

Notes
Turn   | Place    | Note
-------+----------+-------------------------------------------
     0 | D:1      | equizz the Merfolk Skald began the quest for the Orb.
     0 | D:1      | Reached XP level 1. HP: 16/16 MP: 3/3
   742 | D:1      | Reached XP level 2. HP: 22/22 MP: 0/5
   746 | D:1      | Learned a level 2 spell: Song of Slaying
   749 | D:1      | Learned a level 2 spell: Shroud of Golubria
   942 | D:2      | Reached skill level 4 in Charms
   942 | D:2      | Reached XP level 3. HP: 21/28 MP: 3/6
  1358 | D:2      | Noticed Sigmund
  1358 | D:2      | Reached skill level 1 in Armour
  1368 | D:2      | Killed from afar by Sigmund

Skill      XL: |  1  2  3 |
---------------+----------+-----
Charms         | 4 |  4.2
Armour         | 1 |  1.0
Fighting       | |  2.7
Polearms       | |  3.5
Dodging        | |  2.8
Spellcasting   | |  2.3

Action                   || total
-------------------------++-------
Melee: Spear             ||    81
 Cast: Infusion          ||     8
       Song of Slaying   ||     3
       Shroud of Golubri ||     1
  Use: Scroll            ||     2
  Eat: Ration            ||     1
Armor: Leather armour    ||    20
Dodge: Dodged            ||    44
